 Dungeon Crawl Stone Soup version 0.28-a0-1594-ga885d4b3d6 (webtiles) character file.

Game seed: 1455761573829776423

152 willcat the Ducker (level 5, 0/24 HPs)
             Began as a Felid Fighter on Jan 21, 2022.
             Was an Initiate of Sif Muna.
             Slain by a gnoll (8 damage)
             ... on level 4 of the Dungeon.
             The game lasted 00:04:17 (5035 turns).

willcat the Ducker (Felid Fighter)                  Turns: 5035, Time: 00:04:17

Health: 0/24       AC:  1    Str: 12    XL:     5   Next: 11%
Magic:  9/9        EV: 19    Int: 11    God:    Sif Muna [......]
Gold:   53         SH:  0    Dex: 16    Spells: 8/8 levels left
                                        Lives:  0   Deaths: 1

rFire   . . .      SeeInvis +     - Unarmed
rCold   . . .      Faith    .   (shield unavailable)
rNeg    . . .      Spirit   .   (armour unavailable)
rPois   .          Reflect  .   (helmet unavailable)
rElec   .          Harm     .   (cloak unavailable)
rCorr   .          Rampage  .   (gloves unavailable)
Will    .....                   (boots unavailable)
Stlth   +++.......              (no amulet)
HPRegen 0.08/turn               b - ring of wizardry
MPRegen 0.11/turn               (no ring)

@: quick
A: very small, claws 1, fangs 3, see invisible, speed 1, shaggy fur 1, stealthy
paws, no weapons or thrown items, no armour, multi-lived
a: Renounce Religion


You were on level 4 of the Dungeon.
You worshipped Sif Muna.
Sif Muna was noncommittal.
You visited 1 branch of the dungeon, and saw 5 of its levels.

You collected 141 gold pieces.
You spent 88 gold pieces at shops.

Inventory:

Jewellery
 b - a ring of wizardry (left paw)
Scrolls
 d - a scroll of immolation
 e - a scroll of holy word {unknown}
 f - 2 scrolls of identify
Potions
 a - a potion of magic
 c - a potion of heal wounds
 g - a potion of resistance
 h - 2 potions of curing


   Skills:
 - Level 3.0 Fighting
 + Level 5.3 Dodging
 + Level 3.6 Stealth
 + Level 4.8 Unarmed Combat
 + Level 2.2 Spellcasting
 + Level 0.2 Invocations


You had 8 spell levels left.
You didn't know any spells.
Your spell library was empty.

Dungeon Overview and Level Annotations

Branches:
Dungeon (5/15)
 Temple: D:4-7

Altars:
Sif Muna
Trog

Shops:
D:2 (   D:5 !

Annotations:
D:2 Terence


Innate Abilities, Weirdness & Mutations

You have sharp claws.
You have razor-sharp teeth.
You have supernaturally acute eyesight. (SInv)
You cover ground quickly. (Speed+)
You are covered in fur. (AC +1)
Your paws help you pounce on unaware monsters.
You are incapable of wielding weapons or throwing items.
You cannot wear armour.
You gain extra lives every three experience levels.


Message History

You have reached level 5!
You feel agile.
You scratch the gnoll but do no damage. The gnoll hits you with a +0 club.
You scratch the gnoll.
The gnoll is moderately wounded.
The gnoll closely misses you.
You scratch the gnoll. Your claw misses the gnoll.
The gnoll is severely wounded.
The gnoll hits you with a +0 club.
You scratch the gnoll.
The gnoll is almost dead.
The gnoll hits you with a +0 club!
You are too injured to fight recklessly!
You are too injured to fight recklessly!
You are too injured to fight recklessly!
You are too injured to fight recklessly!
You claw the gnoll!
You kill the gnoll!
Sif Muna accepts your kill.
You scratch the gnoll.
The gnoll is moderately wounded.
The gnoll misses you.
Unknown command.
Press: ? - help, v - describe, . - travel, g - get item
Here: a gnoll, wielding a +1 flail of protection (moderately wounded)
Items here: )) ††.
The floor, spattered with blood.
Unknown command.
You barely miss the gnoll. Your bite misses the gnoll.
The gnoll is moderately wounded.
The gnoll hits you with a +1 flail of protection.
Unknown command.
You scratch the gnoll. You bite the gnoll.
The gnoll is severely wounded.
The gnoll barely misses you.
Unknown command.
You scratch the gnoll but do no damage.
The gnoll is severely wounded.
The gnoll hits you with a +1 flail of protection!
You die...

....#.# #..# ###...###..##..##
.#..#.# ##.####......##.....##
...##.#####.......####)###...##
.#...........#..###.........##
.............##..##.#.#.#.#.## #
.......[.#.g####.##.......##.## #
..###........###....#.#.#.##..###
#...).......g.##.#........###..#.
##..#.>[..###..#@#..#.#.#.##.....
#.####...# ##gg##...............
##.# ##..# #..#####..##.....#..
#..## #..# ...##......#####.....
....# #...#####..####.# ##......
##.#..##.### #...# #####.######
##.##.#.# ##### #.## # ## ### ###


You could see 2 gnolls.

Vanquished Creatures
  A scorpion zombie (D:5)
  A hound skeleton (D:4)
  A howler monkey zombie (D:4)
  2 gnolls (D:4)
  5 adders
  An ufetubus (D:4)
  7 dart slugs
  6 orcs
  6 bats
  3 endoplasms
  2 giant cockroaches
  A goblin (D:1)
  5 hobgoblins
  8 jackals
  3 quokkas
  7 ball pythons
  2 frilled lizards (D:1)
  2 rats
63 creatures vanquished.

Vanquished Creatures (others)
  A plant (D:1)
1 creature vanquished.

Grand Total: 64 creatures vanquished

Notes
Turn   | Place    | Note
-------+----------+-------------------------------------------
     0 | D:1      | willcat the Felid Fighter began the quest for the Orb.
     0 | D:1      | Reached XP level 1. HP: 10/10 MP: 2/2
    79 | D:1      | Reached skill level 1 in Stealth
   210 | D:1      | Reached XP level 2. HP: 14/14 MP: 3/3
  1096 | D:2      | Reached skill level 1 in Spellcasting
  1096 | D:2      | Reached XP level 3. HP: 17/17 MP: 5/5
  1437 | D:2      | Found Wayqasir's Antique Weapon Emporium.
  1742 | D:2      | Reached XP level 4. HP: 21/21 MP: 7/7
  2049 | D:2      | Noticed Terence
  2664 | D:3      | Found a bloodstained altar of Trog.
  2670 | D:3      | Noticed a scorpion
  2804 | D:4      | Slain by a gnoll
  2805 | D:4      | Reached XP level 3. HP: -2/17 MP: 6/6
  3222 | D:4      | Reached skill level 5 in Dodging
  3222 | D:4      | Reached XP level 4. HP: 19/21 MP: 7/7
  3272 | D:5      | Entered Level 5 of the Dungeon
  3733 | D:5      | Noticed a sky beast
  3826 | D:5      | Noticed an ogre
  3828 | D:5      | Found Nepisewa's Distillery.
  3836 | D:5      | Bought a potion of curing for 33 gold pieces
  3836 | D:5      | Bought a potion of heal wounds for 55 gold pieces
  3857 | D:4      | HP: 1/21 [adder (3)]
  4532 | D:4      | Found a shimmering blue altar of Sif Muna.
  4590 | D:4      | Became a worshipper of Sif Muna the Loreminder
  5027 | D:4      | Reached XP level 5. HP: 24/24 MP: 9/9
  5035 | D:4      | Slain by a gnoll

Illustrated notes

Levels and vault maps discovered:
D:1:      dpeg_arrival_tiny_a, layout_loops_cross,
          chequers_serial_rivers_small_b, kennysheep_boxes
D:2:      layout_basic, serial_shops, nicolae_shop_hallway_plus,
          kennysheep_path_1, minmay_statues_item, uniq_terence
D:3:      layout_loops_corners, mainiacjoe_overflow_small_starburst,
          guppyfry_early_lair_pool
D:4:      layout_layer_cave, mainiacjoe_overflow_alcove_4, serial_glass,
          glass_columns_b, glass_columns_a, glass_columns_b, glass_columns_a,
          glass_columns_a, glass_columns_b, glass_columns_b, glass_columns_a,
          glass_columns_b, glass_columns_b, kennysheep_generic_room_11
D:5:      layout_basic, serial_shops, shop, minmay_manual_macuahuitl

Skill      XL: |  1  2  3  4 |
---------------+-------------+-----
Stealth        | 1 3 |  3.6
Spellcasting   | 1 2 |  2.2
Dodging        | 5 |  5.3
Fighting       | |  3.0
Unarmed Combat | |  4.8
Invocations    | |  0.2

Action                   |  1- 3 |  4- 6 || total
-------------------------+-------+-------++-------
Melee: Unarmed           |   125 |   126 ||   251
       Bite              |    12 |    17 ||    29
       Punch             |     2 |       ||     2
  Use: Scroll            |     2 |     2 ||     4
       Potion            |       |     2 ||     2
 Stab: Sleeping          |     6 |     2 ||     8
Armor: Skin              |     6 |     6 ||    12
Dodge: Dodged            |   103 |   103 ||   206

Table legend: (Time is in decaauts)
 A = Elapsed time spent in this place.
 B = Non-inter-level travel time spent in this place.
 C = Inter-level travel time spent in this place.
 D = Time resting spent in this place.
 E = Time spent auto-exploring this place.
 F = Levels seen in this place.
 G = Mean time per level.
                   A        B        C        D        E       F      G
               +--------+--------+--------+--------+--------+-----+--------+
         Total |   4632 |   4562 |     70 |   2027 |   1789 |   5 |  926.4 |
       Dungeon |   4632 |   4562 |     70 |   2027 |   1789 |   5 |  926.4 |
               +--------+--------+--------+--------+--------+-----+--------+

Top non-repeatable levels by time:
     D:4: 1599 daAuts
     D:2: 950 daAuts
     D:1: 940 daAuts
     D:3: 589 daAuts
     D:5: 552 daAuts
